SL
LAS VEGAS FLAMINGOS @ DETROIT REAPERS
09/03/2020
 
TOP OF THE 1ST
Las Vegas Flamingos batting - Pitching for Detroit Reapers : LHP Bartolomeu Lio
Pitching: LHP Bartolomeu Lio
Batting: RHB Travis Newsome 0-0: Swinging Strike
0-1: Swinging Strike
0-2: Ball
1-2: Ball
2-2: Strikes out swinging
Batting: RHB David Gómez 0-0: Ball
1-0: SINGLE (Groundball, 4MD)
Batting: RHB Bill Taylor 0-0: Called Strike
0-1: Ball
1-1: Ball
2-1: Grounds into double play, 4-6-3 (Groundball, 34)
Top of the 1st over - 0 run(s), 1 hit(s), 0 error(s), 0 left on base; Las Vegas 0 - Detroit 0
BOTTOM OF THE 1ST
Detroit Reapers batting - Pitching for Las Vegas Flamingos : LHP Randy Hoffman
Pitching: LHP Randy Hoffman
Batting: LHB Ryan Westlake 0-0: Ball
1-0: Foul Ball, location: 2F
1-1: Foul Ball, location: 2F
1-2: Foul Ball, location: 2F
1-2: Foul Ball, location: 2F
1-2: Ball
2-2: Foul Ball, location: 2F
2-2: Fly out, F8 (Flyball, 8LD)
Batting: RHB Jack Weber 0-0: Called Strike
0-1: DOUBLE (Flyball, 8RM)
Batting: RHB Bart Lewis 0-0: Ball
1-0: Called Strike
1-1: Ball
2-1: Foul Ball, location: 2F
2-2: Foul Ball, location: 2F
2-2: Ball
3-2: Base on Balls
Batting: RHB Abílio Conceio 0-0: Ball
1-0: Ball
2-0: Ball
3-0: Called Strike
3-1: Base on Balls
Jack Weber to third
Bart Lewis to second
Batting: SHB Eiji Suzuki 0-0: Called Strike
0-1: Called Strike
0-2: Ball
1-2: SINGLE (Groundball, 6MD)
Jack Weber scores
Bart Lewis to third
Abílio Conceio to second
Runner from 3rd tries for Home, SAFE, throw made home
Batting: RHB Joey Morgan 0-0: Ball
1-0: Ball
2-0: Called Strike
2-1: Called Strike
2-2: Foul Ball, location: 2F
2-2: Ball
3-2: 3-RUN HOME RUN (Flyball, 7LD), Distance : 371 ft
Batting: RHB Carlos Pérez 0-0: Swinging Strike
0-1: Ball
1-1: Called Strike
1-2: Ball
2-2: Ball
3-2: Base on Balls
Batting: LHB Bartolomeu Lio 0-0: Reached on error, E1 (Groundball, 15)
Carlos Pérez to second
Batting: RHB Kevin Howard 0-0: Called Strike
0-1: Swinging Strike
0-2: Ball
1-2: Ball
2-2: Ball
3-2: Base on Balls
Carlos Pérez to third
Bartolomeu Lio to second
Batting: LHB Ryan Westlake 0-0: Foul Ball, location: 2F
0-1: Fly out, F6 (Line Drive, 6)
Batting: RHB Jack Weber 0-0: Called Strike
0-1: Ball
1-1: Fly out, F7 (Flyball, 7S)
Bottom of the 1st over - 5 run(s), 3 hit(s), 1 error(s), 3 left on base; Las Vegas 0 - Detroit 5
TOP OF THE 2ND
Las Vegas Flamingos batting - Pitching for Detroit Reapers : LHP Bartolomeu Lio
Batting: RHB Matt Sheppard 0-0: Foul Ball, location: 2F
0-1: Ground out 6-3 (Groundball, 6M)
Batting: RHB Steven Talley 0-0: Foul Ball, location: 2F
0-1: Called Strike
0-2: Ground out 5-3 (Groundball, 5)
Batting: LHB Ron Goodwin 0-0: Called Strike
0-1: Swinging Strike
0-2: DOUBLE (Line Drive, 4)
Batting: RHB Floyd Mitchell 0-0: Ball
1-0: Ground out 6-3 (Groundball, 6)
Top of the 2nd over - 0 run(s), 1 hit(s), 0 error(s), 1 left on base; Las Vegas 0 - Detroit 5
BOTTOM OF THE 2ND
Detroit Reapers batting - Pitching for Las Vegas Flamingos : LHP Randy Hoffman
Batting: RHB Bart Lewis 0-0: Foul Ball, location: 2F
0-1: Ball
1-1: Called Strike
1-2: Foul Ball, location: 2F
1-2: Strikes out looking
Batting: RHB Abílio Conceio 0-0: Ball
1-0: Called Strike
1-1: Ground out 6-3 (Groundball, 6M)
Batting: SHB Eiji Suzuki 0-0: Ball
1-0: Ball
2-0: Ground out 5-3 (Groundball, 5S)
Bottom of the 2nd over - 0 run(s), 0 hit(s), 0 error(s), 0 left on base; Las Vegas 0 - Detroit 5
TOP OF THE 3RD
Las Vegas Flamingos batting - Pitching for Detroit Reapers : LHP Bartolomeu Lio
Batting: RHB Terry Sylvester 0-0: Ball
1-0: Ball
2-0: Ground out 5-3 (Groundball, 56)
Batting: LHB Randy Hoffman 0-0: SINGLE (Line Drive, 4MD)
Batting: RHB Travis Newsome 0-0: Ball
1-0: Foul Ball, location: 2F
1-1: Ball
2-1: Ball
3-1: Called Strike
3-2: Base on Balls
Randy Hoffman to second
Batting: RHB David Gómez 0-0: Ball
1-0: Foul Ball, location: 2F
1-1: Grounds into double play, 1-6-3 (Groundball, 15)
Top of the 3rd over - 0 run(s), 1 hit(s), 0 error(s), 1 left on base; Las Vegas 0 - Detroit 5
BOTTOM OF THE 3RD
Detroit Reapers batting - Pitching for Las Vegas Flamingos : LHP Randy Hoffman
Batting: RHB Joey Morgan 0-0: Foul Ball, location: 2F
0-1: Ball
1-1: SINGLE (Line Drive, 89S)
Batting: RHB Carlos Pérez 0-0: Called Strike
0-1: Ball
1-1: Ball
2-1: Foul Ball, location: 2F
2-2: Ball
3-2: Fly out, F8 (Flyball, 78M)
Batting: LHB Bartolomeu Lio 0-0: Ball
1-0: Sac Bunt - play at first, batter OUT! 2-4
Joey Morgan to second
Batting: RHB Kevin Howard 0-0: Ball
1-0: Foul Ball, location: 2F
1-1: Ball
2-1: Swinging Strike
2-2: Foul Ball, location: 2F
2-2: Strikes out swinging
Bottom of the 3rd over - 0 run(s), 1 hit(s), 0 error(s), 1 left on base; Las Vegas 0 - Detroit 5
TOP OF THE 4TH
Las Vegas Flamingos batting - Pitching for Detroit Reapers : LHP Bartolomeu Lio
Batting: RHB Bill Taylor 0-0: Ball
1-0: SINGLE (Groundball, 56D)
Batting: RHB Matt Sheppard 0-0: Ball
1-0: Foul Ball, location: 2F
1-1: Called Strike
1-2: Strikes out swinging
Batting: RHB Steven Talley 0-0: Ground out 5-3 (Groundball, 56S)
Bill Taylor to second
Batting: LHB Ron Goodwin 0-0: DOUBLE (Flyball, 7LS)
Bill Taylor scores
Batting: RHB Floyd Mitchell 0-0: Ball
1-0: Ground out 6-3 (Groundball, 6)
Top of the 4th over - 1 run(s), 2 hit(s), 0 error(s), 1 left on base; Las Vegas 1 - Detroit 5
BOTTOM OF THE 4TH
Detroit Reapers batting - Pitching for Las Vegas Flamingos : LHP Randy Hoffman
Batting: LHB Ryan Westlake 0-0: Ground out 4-3 (Groundball, 4M)
Batting: RHB Jack Weber 0-0: Ball
1-0: Called Strike
1-1: Swinging Strike
1-2: Ball
2-2: Fly out, F8 (Flyball, 8LM)
Batting: RHB Bart Lewis 0-0: Ball
1-0: Called Strike
1-1: Called Strike
1-2: SOLO HOME RUN (Flyball, 89XD), Distance : 420 ft
Batting: RHB Abílio Conceio 0-0: Called Strike
0-1: Ball
1-1: Foul Ball, location: 2F
1-2: Foul Ball, location: 2F
1-2: Foul Ball, location: 2F
1-2: Ball
2-2: Ball
3-2: SINGLE (Line Drive, 7S)
Batting: SHB Eiji Suzuki 0-0: Ball
1-0: Ball
2-0: Fly out, F8 (Line Drive, 8LM)
Bottom of the 4th over - 1 run(s), 2 hit(s), 0 error(s), 1 left on base; Las Vegas 1 - Detroit 6
TOP OF THE 5TH
Las Vegas Flamingos batting - Pitching for Detroit Reapers : LHP Bartolomeu Lio
Batting: RHB Terry Sylvester 0-0: Ball
1-0: Called Strike
1-1: Foul Ball, location: 2F
1-2: Ball
2-2: Foul Ball, location: 2F
2-2: Ball
3-2: Ground out 6-3 (Groundball, 6M)
Pinch Hitting: RHB Manny Freitas 0-0: Ball
1-0: Called Strike
1-1: Fly out, F9 (Flyball, 9M)
Batting: RHB Travis Newsome 0-0: Foul Ball, location: 2F
0-1: Called Strike
0-2: Strikes out swinging
Top of the 5th over - 0 run(s), 0 hit(s), 0 error(s), 0 left on base; Las Vegas 1 - Detroit 6
BOTTOM OF THE 5TH
Detroit Reapers batting - Pitching for Las Vegas Flamingos : LHP Randy Hoffman
Pitching: LHP Russ Melanson
Batting: RHB Joey Morgan 0-0: Ball
1-0: Ball
2-0: Foul Ball, location: 2F
2-1: Foul Ball, location: 2F
2-2: Ball
3-2: Ground out 5-3 (Groundball, 56S)
Batting: RHB Carlos Pérez 0-0: Called Strike
0-1: Ball
1-1: Ball
2-1: Ball
3-1: Base on Balls
Batting: LHB Bartolomeu Lio 0-0: Sac Bunt - play at first, batter OUT! 1-4
Carlos Pérez to second
Batting: RHB Kevin Howard 0-0: Ball
1-0: Fly out, F4 (Popup, 34)
Bottom of the 5th over - 0 run(s), 0 hit(s), 0 error(s), 1 left on base; Las Vegas 1 - Detroit 6
TOP OF THE 6TH
Las Vegas Flamingos batting - Pitching for Detroit Reapers : LHP Bartolomeu Lio
Batting: RHB David Gómez 0-0: Swinging Strike
0-1: Foul Ball, location: 2F
0-2: Strikes out swinging
Batting: RHB Bill Taylor 0-0: Ball
1-0: Ball
2-0: SOLO HOME RUN (Flyball, 7D), Distance : 378 ft
Batting: RHB Matt Sheppard 0-0: Ball
1-0: Foul Ball, location: 2F
1-1: Called Strike
1-2: Ground out 2-3 (Groundball, 25)
Batting: RHB Steven Talley 0-0: Ball
1-0: Ball
2-0: Called Strike
2-1: Ball
3-1: Base on Balls
Batting: LHB Ron Goodwin 0-0: Foul Ball, location: 2F
0-1: Foul Ball, location: 2F
0-2: Ball
Steven Talley steals 2nd base
1-2: Strikes out looking
Top of the 6th over - 1 run(s), 1 hit(s), 0 error(s), 1 left on base; Las Vegas 2 - Detroit 6
BOTTOM OF THE 6TH
Detroit Reapers batting - Pitching for Las Vegas Flamingos : LHP Russ Melanson
Batting: LHB Ryan Westlake 0-0: Foul Ball, location: 2F
0-1: Foul Ball, location: 2F
0-2: Ball
1-2: Ball
2-2: Ground out 1-3 (Groundball, 13S)
Batting: RHB Jack Weber 0-0: Called Strike
0-1: Ball
1-1: Foul Ball, location: 2F
1-2: Foul Ball, location: 2F
1-2: Strikes out swinging
Batting: RHB Bart Lewis 0-0: Ball
1-0: Ball
2-0: Ball
3-0: Base on Balls
Batting: RHB Abílio Conceio 0-0: Called Strike
0-1: Fly out, F7 (Flyball, 78XD)
Bottom of the 6th over - 0 run(s), 0 hit(s), 0 error(s), 1 left on base; Las Vegas 2 - Detroit 6
TOP OF THE 7TH
Las Vegas Flamingos batting - Pitching for Detroit Reapers : LHP Bartolomeu Lio
Batting: RHB Floyd Mitchell 0-0: Called Strike
0-1: Called Strike
0-2: Strikes out swinging
Batting: RHB Terry Sylvester 0-0: Called Strike
0-1: Called Strike
0-2: Foul Ball, location: 2F
0-2: Strikes out swinging
Pinch Hitting: RHB Kyle Dempsey 0-0: Ball
1-0: Ball
2-0: Foul Ball, location: 2F
2-1: Fly out, F7 (Flyball, 7M)
Top of the 7th over - 0 run(s), 0 hit(s), 0 error(s), 0 left on base; Las Vegas 2 - Detroit 6
BOTTOM OF THE 7TH
Detroit Reapers batting - Pitching for Las Vegas Flamingos : LHP Russ Melanson
Pitching: RHP Tony Hernández
Batting: SHB Eiji Suzuki 0-0: Swinging Strike
0-1: Ball
1-1: Swinging Strike
1-2: Foul Ball, location: 2F
1-2: Reached on error, E4 (Groundball, 34)
Batting: RHB Joey Morgan 0-0: Ball
1-0: Foul Ball, location: 2F
1-1: Swinging Strike
1-2: Strikes out looking
Batting: RHB Carlos Pérez 0-0: Called Strike
0-1: Fly out, F9 (Flyball, 89S)
Pinch Hitting: SHB Will Brock 0-0: Ball
1-0: Swinging Strike
1-1: SINGLE (Line Drive, 9LM)
Eiji Suzuki to second
Runner from 2nd tries for 3rd, SAFE, throw made to third
Batting: RHB Kevin Howard 0-0: Called Strike
0-1: Fly out, F6 (Popup, 56D)
Bottom of the 7th over - 0 run(s), 1 hit(s), 1 error(s), 2 left on base; Las Vegas 2 - Detroit 6
TOP OF THE 8TH
Las Vegas Flamingos batting - Pitching for Detroit Reapers : LHP Bartolomeu Lio
Pitching: RHP Jim Washington
Batting: RHB Travis Newsome 0-0: Ball
1-0: Swinging Strike
1-1: Swinging Strike
1-2: Foul Ball, location: 2F
1-2: Ball
2-2: Strikes out looking
Batting: RHB David Gómez 0-0: Ground out 4-3 (Groundball, 4)
Batting: RHB Bill Taylor 0-0: Called Strike
0-1: Ball
1-1: Ball
2-1: SINGLE (Line Drive, 7LS)
Batting: RHB Matt Sheppard 0-0: 2-RUN HOME RUN (Flyball, 78XD), Distance : 438 ft
Batting: RHB Steven Talley 0-0: Ball
1-0: Ball
2-0: Ball
3-0: Base on Balls
Batting: LHB Ron Goodwin 0-0: Called Strike
0-1: Swinging Strike
0-2: Strikes out swinging
Top of the 8th over - 2 run(s), 2 hit(s), 0 error(s), 1 left on base; Las Vegas 4 - Detroit 6
BOTTOM OF THE 8TH
Detroit Reapers batting - Pitching for Las Vegas Flamingos : RHP Tony Hernández
Batting: LHB Ryan Westlake 0-0: Swinging Strike
0-1: Ball
1-1: Called Strike
1-2: Ball
2-2: Ball
3-2: Base on Balls
Batting: RHB Jack Weber 0-0: Bunted foul
0-1: Bunted foul
0-2: Foul Ball, location: 2F
0-2: Reached on error, E1 (Groundball, 13S)
Ryan Westlake to second
Batting: RHB Bart Lewis 0-0: Called Strike
0-1: Ball
1-1: Fly out, F9 (Flyball, 9S)
Pinch Hitting: LHB Orlando Trevino 0-0: Ball
1-0: Ball
2-0: Foul Ball, location: 2F
2-1: Fielders Choice at 2nd, 3-6 (Groundball, 3)
Ryan Westlake to third
Batting: SHB Eiji Suzuki 0-0: Called Strike
0-1: Foul Ball, location: 2F
0-2: Ball
1-2: Ground out 4-3 (Groundball, 13)
Bottom of the 8th over - 0 run(s), 0 hit(s), 1 error(s), 2 left on base; Las Vegas 4 - Detroit 6
TOP OF THE 9TH
Las Vegas Flamingos batting - Pitching for Detroit Reapers : RHP Jim Washington
Pitching: RHP Pete Wood
Now at SS: Roger Wheeler
Now in RF: Orlando Trevino
Batting: RHB Floyd Mitchell 0-0: Called Strike
0-1: Ball
1-1: Ball
2-1: Foul Ball, location: 2F
2-2: Ball
3-2: Strikes out swinging
Batting: RHB Terry Sylvester 0-0: Foul Ball, location: 2F
0-1: Ball
1-1: Ball
2-1: Fly out, F8 (Flyball, 89D)
Pinch Hitting: RHB Jeff Young 0-0: Ball
1-0: Ball
2-0: SINGLE (Line Drive, 34)
Batting: RHB Travis Newsome 0-0: Ball
1-0: Fielders Choice at 2nd, 5-4 (Groundball, 5)
Top of the 9th over - 0 run(s), 1 hit(s), 0 error(s), 0 left on base; Las Vegas 4 - Detroit 6
This league is powered by Out of the Park Baseball, the baseball management simulation game for PC, Mac and Linux
Friday, October 23rd, 2015 - OOTP Baseball 16.9 Build 39